 Dungeon Crawl Stone Soup version 0.30-a0-187-gd9c2deaf24 (webtiles) character file.

Game seed: 8562376319331506387

800 lunkers the Martial Artist (level 8, -6/52 (59) HPs)
             Began as a Meteoran Transmuter on Oct 4, 2022.
             Was a Follower of Ru.
             Mangled by a wight
             ... wielding a +3 flail
              (14 damage)
             ... on level 6 of the Dungeon.
             The game lasted 00:05:30 (1409 turns).

lunkers the Martial Artist (Meteoran Transmuter)    Turns: 1409, Time: 00:05:30

HP:   -6/52 (59)    AC:  2    Str: 11    XL:     8   Next: 36%
MP:   10/13         EV: 20    Int: 17    God:    Ru [*.....]
Gold: 168           SH:  0    Dex: 20    Spells: 2/12 levels left

rFire   . . .      SeeInvis .      - Unarmed
rCold   . . .      Faith    .    (shield currently unavailable)
rNeg    . . .      Spirit   .    (body armour currently unavailable)
rPois   x          Reflect  .    (helmet currently unavailable)
rElec   .          Harm     .    (cloak currently unavailable)
rCorr   .          Rampage  .    (gloves currently unavailable)
Will    +....                    (boots currently unavailable)
Stlth   +.........               (no amulet)
HPRegen 0.28/turn                (no ring)
MPRegen 0.13/turn                (no ring)

@: spider-form (expiring), glowing, heavily drained
A: venomous fangs, tiny, sense surroundings 1, no conjurations magic, no fire
magic, no hexes magic, otherworldly, glowing, explore regen
a: End Transformation, Renounce Religion


You were on level 6 of the Dungeon.
You worshipped Ru.
Ru was aware of your devotion.
You were a venomous arachnid creature.
You visited 1 branch of the dungeon, and saw 6 of its levels.
You also visited: Sewer.

You collected 168 gold pieces.

Inventory:

Armour
 a - a +1 robe (melded)
Scrolls
 c - 3 scrolls of teleportation
 d - a scroll of fear
 h - a scroll of enchant armour
Potions
 b - a potion of heal wounds {unknown}
 f - 2 potions of haste
 g - 2 potions of brilliance


   Skills:
 - Level 1.1 Fighting
 - Level 2.4 Dodging
 + Level 8.1 Unarmed Combat
 - Level 2.6 Spellcasting
 + Level 7.6 Transmutations


You had 2 spell levels left.
You knew the following spells:

 Your Spells              Type           Power      Damage    Failure   Level
b - Wereblood             Tmut           28%        N/A       6%          2
c - Spider Form           Tmut/Pois      15%        N/A       28%         3
d - Ice Form              Ice/Tmut       15%        N/A       58%         4
p - Beastly Appendage     Tmut           56%        N/A       4%          1

Your spell library contained the following spells:

 Spells                   Type           Power      Damage    Failure   Level
 Blink                    Tloc           4%         N/A       47%         2
 Lesser Beckoning         Tloc           4%         N/A       69%         3
 Passage of Golubria      Tloc           2%         N/A       96%         4
 Momentum Strike          Conj/Tloc      Unusable   3d8       N/A         2
 Tukima's Dance           Hex            Unusable   N/A       N/A         3
 Yara's Violent Unravell  Hex/Tmut       Unusable   3d5       N/A         5

Dungeon Overview and Level Annotations

Branches:
Dungeon (6/15) Zot: 2494    Sewer (visited)
 Temple: D:4-7

Altars:
Ru


Innate Abilities, Weirdness & Mutations

You are a venomous arachnid creature.
You have poisonous fangs.
You are tiny and dextrous.
Your spellcasting is less reliable in this form.
Your armour is entirely melded.
You are incapable of wielding weapons or throwing items.
You passively map a small area around you.
You cannot study or cast Conjurations magic.
You cannot study or cast Fire magic.
You cannot study or cast Hexes magic.
You are easily found by Zot.
You glow in the dark.
You regain HP and MP as you explore.


Message History

* * * LOW HITPOINT WARNING * * *
You feel drained.
* * * LOW HITPOINT WARNING * * *
You hit the wight but do no damage.
The wight is heavily damaged.
The wight hits you but does no damage.
Unknown command.
You hit the wight but do no damage.
The wight is heavily damaged.
The wight closely misses you.
Unknown command.
You hit the wight.
The wight is severely damaged.
The wight barely misses you.
Unknown command.
You hit the wight but do no damage.
The wight is severely damaged.
The wight is stunned by your conviction and fails to attack.
You barely miss the wight.
The wight is severely damaged.
You bite the wight!
You destroy the wight!
You hit the wight.
The wight is moderately damaged.
Your transformation is almost over.
The wight hits you with a +3 flail!
* * * LOW HITPOINT WARNING * * *
You feel drained.
* * * LOW HITPOINT WARNING * * *
You hit the wight.
The wight is severely damaged.
The wight completely misses you.
You hear a distant slurping noise.
You hit the wight but do no damage.
The wight is severely damaged.
The wight misses you.
You hit the wight but do no damage.
The wight is severely damaged.
The wight hits you with a +3 flail!
You die...

,
#.##...
.# **
.#....
#. , , *
....##.*
, ,
...#. ,
* ,... *
,#.#*
**#.# *
#.# *
#s# #z#
#.# #.#
* * #<#
* *#.# ,
, ..# ,
**####


You could see a wight.

Vanquished Creatures
  Grinder (Sewer)
  Menkaure (D:4)
  A kobold brigand (Sewer)
  A scorpion (D:4)
  2 wights
  2 quasits (Sewer)
  An orc priest (D:5)
  Jessica (D:2)
  An iguana (D:4)
  An adder (D:4)
  A shadow imp (Sewer)
  4 ufetubi
  2 worms
  A dart slug (D:2)
  5 orcs
  A bat zombie (Sewer)
  4 endoplasms
  6 giant cockroaches
  3 hobgoblins
  4 jackals (D:5)
  A quokka (D:1)
  4 ball pythons
  6 bats
  4 frilled lizards
  3 goblins
  18 kobolds
  2 kobold zombies (Sewer)
  4 rats
85 creatures vanquished.

Notes
Turn   | Place    | Note
-------+----------+-------------------------------------------
     0 | D:1      | lunkers the Meteoran Transmuter began the quest for the
                  | Orb.
     0 | D:1      | Reached XP level 1. HP: 16/16 MP: 5/5
    24 | D:1      | Found a faded altar of an unknown god.
    32 | D:1      | Prayed at the altar of an unknown god.
    32 | D:1      | Became a worshipper of Ru the Awakened
    39 | D:1      | Gained mutation: You cannot study or cast Fire magic. [Ru
                  | sacrifice]
    39 | D:1      | Gained mutation: You cannot study or cast Hexes magic. [Ru
                  | sacrifice]
    39 | D:1      | Gained mutation: You cannot study or cast Conjurations
                  | magic. [Ru sacrifice]
    39 | D:1      | Reached * piety under Ru
    85 | D:1      | Reached XP level 2. HP: 6/23 MP: 6/6
    93 | D:1      | Learned a level 2 spell: Wereblood
   125 | D:1      | Reached skill level 4 in Unarmed Combat
   309 | D:2      | Noticed Jessica
   313 | D:2      | Killed Jessica
   314 | D:2      | Reached XP level 3. HP: 28/28 MP: 8/8
   319 | D:2      | Learned a level 3 spell: Spider Form
   375 | D:2      | Reached XP level 4. HP: 35/35 MP: 6/9
   625 | D:3      | You fall into a shaft and drop 2 floors!
   625 | D:5      | Entered Level 5 of the Dungeon
   699 | D:5      | Noticed a scorpion
   720 | D:4      | Noticed Menkaure
   726 | D:4      | Killed a scorpion
   727 | D:4      | Reached skill level 5 in Unarmed Combat
   727 | D:4      | Reached XP level 5. HP: 33/40 MP: 10/10
   731 | D:4      | Killed Menkaure
   732 | D:4      | Reached skill level 6 in Unarmed Combat
   732 | D:4      | Reached skill level 5 in Transmutations
   732 | D:4      | Reached XP level 6. HP: 33/47 MP: 11/11
   827 | D:4      | Found a glowing drain.
   849 | Sewer    | Entered a sewer
   883 | Sewer    | Learned a level 4 spell: Ice Form
   920 | Sewer    | Reached XP level 7. HP: 25/52 MP: 12/12
   953 | Sewer    | Found a burning altar of Makhleb.
  1028 | Sewer    | Noticed Grinder
  1034 | Sewer    | Paralysed by Grinder for 2 turns
  1040 | Sewer    | Killed Grinder
  1041 | Sewer    | Reached skill level 7 in Unarmed Combat
  1041 | Sewer    | Reached XP level 8. HP: 59/59 MP: 10/13
  1094 | Sewer    | Identified the +1 chain mail "Lihoceym" {+Blink rN++ rCorr
                  | Int-2}
  1383 | D:5      | Reached skill level 8 in Unarmed Combat
  1409 | D:6      | Mangled by a wight

Illustrated notes

Levels and vault maps discovered:
D:1:      doesnt_arrival_eight_statues, layout_loops_ring,
          chequers_ecumenical_altar_simple_redux, grunt_decor_cap,
          chequers_jeans, amcnicky_mini_corridor_feature
D:2:      minmay_razor_zed, layout_basic, minmay_pentomino_z4, uniq_jessica,
          uniq_terence
D:3:      layout_rooms, ebering_ghost_rock_garden
D:4:      layout_gridville, makhleb_heckhound_becter,
          cheibrodos_sewer_entry_drain, uniq_menkaure, uniq_ijyb
D:5:      layout_cave_pods, lemuel_crystal_altar,
          nicolae_ossuary_entry_catacombs
D:6:      layout_loops_corners, minmay_temple_entry_antechambers, serial_shops,
          kennysheep_little_box, ebering_ghost_sewer_d,
          kennysheep_generic_room_5, uniq_duvessa, uniq_sigmund,
          uniq_prince_ribbit1

Skill      XL: |  1  2  3  4  5  6  7  8 |
---------------+-------------------------+-----
Unarmed Combat | 4 5 6 7 8 |  8.1
Transmutations | 3 4 5 7 |  7.6
Fighting       | |  1.1
Dodging        | |  2.4
Spellcasting   | |  2.6

Action                   |  1- 3 |  4- 6 |  7- 9 || total
-------------------------+-------+-------+-------++-------
Melee: Unarmed           |    42 |    85 |    96 ||   223
       Kick              |     5 |       |       ||     5
       Headbutt          |     2 |       |       ||     2
       Punch             |     3 |     1 |     2 ||     6
 Cast: Beastly Appendage |     3 |       |       ||     3
       Spider Form       |     1 |     8 |    11 ||    20
       Wereblood         |       |       |     2 ||     2
Invok: Sacrifice Arcana  |     1 |       |       ||     1
  Use: Potion            |       |     1 |     1 ||     2
       Scroll            |       |     4 |     4 ||     8
Armor: Robe              |    12 |    11 |     1 ||    24
       Skin              |       |    15 |    29 ||    44
Dodge: Dodged            |    12 |    46 |   114 ||   172

Table legend: (Time is in decaauts)
 A = Elapsed time spent in this place.
 B = Non-inter-level travel time spent in this place.
 C = Inter-level travel time spent in this place.
 D = Time resting spent in this place.
 E = Time spent auto-exploring this place.
 F = Levels seen in this place.
 G = Mean time per level.
                   A        B        C        D        E       F      G
               +--------+--------+--------+--------+--------+-----+--------+
         Total |   1390 |   1309 |     81 |     21 |    478 |   7 |  198.6 |
       Dungeon |   1104 |   1023 |     81 |      0 |    446 |   6 |  184.0 |
         Sewer |    286 |    286 |      0 |     21 |     32 |   1 |  286.0 |
               +--------+--------+--------+--------+--------+-----+--------+

Top non-repeatable levels by time:
     D:2: 312 daAuts
     D:5: 294 daAuts
   Sewer: 286 daAuts
     D:1: 280 daAuts
     D:4: 157 daAuts
     D:6: 32 daAuts
     D:3: 27 daAuts
